 Dungeon Crawl Stone Soup version 0.27.1-2-g3b301248ec (webtiles) character file.

Game seed: 11700541764843239090

19408 Borgoz the Fighter (level 12, -9/81 HPs)
             Began as a Gargoyle Berserker on Sept 27, 2021.
             Was an Elder of Trog.
             Mangled by a minotaur (21 damage)
             ... on level 12 of the Dungeon.
             The game lasted 00:16:54 (12207 turns).

Borgoz the Fighter (Gargoyle Berserker)            Turns: 12207, Time: 00:16:55

Health: -9/81      AC: 34    Str: 24    XL:     12   Next: 68%
Magic:  0/12       EV: 13    Int: 10    God:    Trog [****..]
Gold:   543        SH:  0    Dex:  9    Spells: 11/11 levels left

rFire    + . .     SeeInvis .   u - +2 dire flail (vorpal)
rCold    . . .     Faith    .   (shield currently unavailable)
rNeg     + . .     Spirit   +   c - +0 plate armour
rPois    ∞         Reflect  .   m - +0 helmet
rElec    +         Harm     .   q - +0 cloak
rCorr    .         Rampage  .   v - +0 pair of gloves
Will     .....                  A - +0 pair of boots
Stlth    ..........             j - amulet of guardian spirit
HPRegen  0.23/turn              d - ring "Oczavoas" {rF+ AC+4}
MPRegen  0.13/turn              r - +4 ring of evasion

@: about to teleport, on berserk cooldown, slowed, very slow
A: sickness immunity, AC +8, negative energy resistance 1, electricity
resistance, torment resistance 1, petrification resistance
a: Renounce Religion, Berserk, Trog's Hand, Brothers in Arms


You were on level 12 of the Dungeon.
You worshipped Trog.
Trog was greatly pleased with you.
You visited 1 branch of the dungeon, and saw 12 of its levels.

You collected 543 gold pieces.

Inventory:

Hand Weapons
 u - a +2 vorpal dire flail (weapon)
Armour
 c - a +0 plate armour (worn)
 m - a +0 helmet (worn)
 q - a +0 cloak (worn)
 v - a +0 pair of gloves (worn)
 A - a +0 pair of boots (worn)
 C - a +0 troll leather armour
Jewellery
 d - the ring "Oczavoas" (left hand) {rF+ AC+4}
   (You found it on level 4 of the Dungeon)

   [ring of protection]

   AC:        It affects your AC (+4).
   rF:        It protects you from fire.
 j - an amulet of guardian spirit (around neck)
 r - a +4 ring of evasion (right hand)
 s - a ring of fire
Wands
 b - a wand of paralysis (5)
 f - a wand of acid (7)
 i - a wand of flame (50)
 E - a wand of digging (2)
Scrolls
 g - a scroll of teleportation
 h - 3 scrolls of fog
 l - a scroll of enchant armour {unknown}
 n - 2 scrolls of noise {unknown}
 x - 3 scrolls of silence {unknown}
 y - 2 scrolls of summoning {unknown}
 B - a scroll of identify
 D - a scroll of enchant weapon {unknown}
Potions
 a - 5 potions of curing
 e - a potion of attraction
 o - a potion of flight
 p - 2 potions of berserk rage
 t - 2 potions of mutation {unknown}
 w - 2 potions of heal wounds
 z - a potion of resistance


   Skills:
 * Level 12.2 Fighting
 * Level 11.3 Maces & Flails
 * Level 12.1 Armour
 + Level 6.9 Dodging


You had 11 spell levels left.
You didn't know any spells.
Your spell library was empty.

Dungeon Overview and Level Annotations

Branches:
Dungeon (12/15)            Temple (0/1) D:6            Lair (0/6) D:11
    Orc (0/2) D:9

Altars:
Okawaru

Shops:
D:6 !   D:8 *

Annotations:
D:12 Borgoz's ghost, journeyman GrBe


Innate Abilities, Weirdness & Mutations

You are immune to sickness and miasma.
Your stone body is resilient. (AC +8)
You are immune to poison.
You resist negative energy. (rN+)
You are resistant to electric shocks. (rElec)
You are resistant to unholy torment.
You are immune to petrification.


Message History

The minotaur hits you but does no damage.
The minotaur completely misses you.
Borgoz's ghost hits you but does no damage.
You bludgeon Borgoz's ghost!!
Borgoz's ghost is almost destroyed.
The minotaur completely misses you. The minotaur misses you.
You hit Borgoz's ghost.
Borgoz's ghost is almost destroyed.
Borgoz's ghost hits you but does no damage.
The minotaur hits you! The minotaur closely misses you.
There are monsters nearby!
The minotaur hits you but does no damage.
The minotaur gores you but does no damage.
You hit Borgoz's ghost but do no damage.
Borgoz's ghost is almost destroyed.
Borgoz's ghost hits you.
You feel your power leaking away.
You closely miss Borgoz's ghost.
Borgoz's ghost is almost destroyed.
You are no longer berserk.
You are exhausted.
You feel yourself slow down. The minotaur closely misses you.
The minotaur gores you.
You closely miss Borgoz's ghost.
Borgoz's ghost is almost destroyed.
The minotaur hits you but does no damage.
The minotaur gores you but does no damage.
Borgoz's ghost hits you.
The minotaur hits you but does no damage.
The minotaur gores you. Borgoz's ghost barely misses you.
Okay, then.
You fail to use your ability.
The minotaur hits you!
* * * LOW HITPOINT WARNING * * *
The minotaur misses you.
Borgoz's ghost hits you but does no damage.
The minotaur hits you but does no damage.
The minotaur gores you but does no damage.
As you read the scroll of teleportation, it crumbles to dust.
You feel strangely unstable. The minotaur hits you!!
You die...

.#.....#.....#....#..............
#.#..###..####....#..............
..(.......## ##..................
.†.........###...##..............
V###'''###...../.###>............
W#.......#...###................#
.#.##..#.#...####...##.........##
.#.#...###....###...###..........
.#.#W###.#....##@....##..........
.#.#...#.#......WH...#...........
.##.....##.......#...##.##.......
.#..#...H#.......#......##.#.....
.#########...............##......
.......................###.......
..#..............................
#.#...##................###......
###..##..........................


You could see a minotaur (fast) and Borgoz's ghost.

Vanquished Creatures
  A boulder beetle (D:12)
  A hydra (D:11)
  2 two-headed ogres (D:10)
  2 centaur warriors (D:12)
  An obsidian statue (D:10)
  An ugly thing (D:11)
  2 manticores (D:12)
  4 cyclopes
  2 gargoyles
  Psyche (D:9)
  A meliai (shapeshifter) (D:12)
  5 trolls
  A hornet (D:9)
  4 slime creatures (D:12)
  2 wraiths
  A vampire (D:12)
  A shadow (D:12)
  A wyvern (D:9)
  A basilisk (D:12)
  Grum (D:8)
  18 yaks
  2 steam dragons (D:8)
  4 water moccasins
  5 orc warriors
  2 sky beasts (D:7)
  A black bear (D:11)
  An ice beast (D:7)
  6 ogres
  4 wolves (D:8)
  6 centaurs
  3 gnoll sergeants (D:9)
  7 kobold brigands
  2 bullfrogs
  3 scorpions
  2 wyvern zombies
  7 killer bees
  7 wights
  4 centaur zombies
  3 bullfrog zombies
  A hound (D:5)
  3 jellies
  A centaur skeleton (D:7)
  A gnoll shaman (D:9)
  Crazy Yiuf (D:6)
  A bullfrog skeleton (D:5)
  An iguana (D:4)
  A killer bee zombie (D:3)
  9 gnolls
  8 adders
  A shadow imp (D:7)
  4 worms
  7 dart slugs
  13 orcs
  2 bats
  8 endoplasms
  2 giant cockroaches
  7 goblins
  5 hobgoblins
  9 kobolds
  3 quokkas
  8 ball pythons
  6 frilled lizards
  4 rats
228 creatures vanquished.

Vanquished Creatures (others)
  An ogre (D:9)
  6 fungi (D:11)
  8 plants (D:11)
15 creatures vanquished.

Grand Total: 243 creatures vanquished

Notes
Turn   | Place    | Note
-------+----------+-------------------------------------------
     0 | D:1      | Borgoz the Gargoyle Berserker began the quest for the Orb.
     0 | D:1      | Reached XP level 1. HP: 14/14 MP: 1/1
   201 | D:1      | Reached XP level 2. HP: 19/19 MP: 2/2
   628 | D:1      | Reached XP level 3. HP: 23/23 MP: 3/3
   670 | D:1      | Found a faded altar of an unknown god.
  1164 | D:2      | Reached ** piety under Trog
  1171 | D:2      | Reached XP level 4. HP: 4/29 MP: 4/4
  2199 | D:3      | Noticed an ogre
  2216 | D:3      | Killed an ogre
  2217 | D:3      | Reached XP level 5. HP: 34/34 MP: 5/5
  2794 | D:3      | Reached XP level 6. HP: 31/39 MP: 6/6
  3040 | D:4      | Identified the ring "Oczavoas" {rF+ AC+4}
  3063 | D:4      | Found an iron altar of Okawaru.
  3862 | D:5      | Entered Level 5 of the Dungeon
  3948 | D:5      | Reached skill level 5 in Fighting
  4430 | D:6      | Reached XP level 7. HP: 42/44 MP: 7/7
  4448 | D:6      | Found a runed translucent door.
  4449 | D:6      | Noticed Crazy Yiuf
  4539 | D:6      | Found a staircase to the Ecumenical Temple.
  4561 | D:6      | Reached skill level 5 in Maces & Flails
  4755 | D:6      | Reached skill level 5 in Armour
  4820 | D:6      | Found Lynored's Distillery.
  4994 | D:6      | Killed Crazy Yiuf
  5338 | D:7      | Reached XP level 8. HP: 36/51 MP: 5/8
  5976 | D:7      | You fall into a shaft and drop 2 floors!
  6002 | D:9      | Reached *** piety under Trog
  6118 | D:9      | Reached XP level 9. HP: 57/57 MP: 9/9
  6324 | D:8      | Found Nuecear's Hallowed Reliquary.
  6352 | D:8      | Noticed an angel
  6359 | D:8      | Noticed a gargoyle
  6371 | D:8      | Killed a gargoyle
  6615 | D:8      | Noticed a troll
  6630 | D:8      | Killed a troll
  6737 | D:8      | Reached XP level 10. HP: 55/65 MP: 7/10
  6962 | D:8      | Noticed Grum
  6986 | D:8      | Killed Grum
  8290 | D:9      | Found a staircase to the Orcish Mines.
  8298 | D:9      | Reached skill level 5 in Dodging
  8321 | D:9      | Reached **** piety under Trog
  8494 | D:9      | Noticed Psyche
  8499 | D:9      | Killed Psyche
  8500 | D:9      | Reached skill level 10 in Fighting
  8668 | D:9      | Reached XP level 11. HP: 60/72 MP: 8/11
  8681 | D:9      | Reached skill level 10 in Armour
  9013 | D:10     | Entered Level 10 of the Dungeon
  9210 | D:10     | Noticed a two-headed ogre
  9213 | D:10     | Killed a two-headed ogre
  9342 | D:10     | Noticed an obsidian statue
  9505 | D:10     | Noticed a two-headed ogre
  9512 | D:10     | Killed a two-headed ogre
  9840 | D:10     | Killed an obsidian statue
  9841 | D:10     | Reached skill level 10 in Maces & Flails
 10006 | D:11     | Noticed a red ugly thing
 10021 | D:11     | Killed a red ugly thing
 10134 | D:11     | Noticed a six-headed hydra
 10140 | D:11     | Killed a six-headed hydra
 10196 | D:11     | Noticed a cyclops
 10204 | D:11     | Killed a cyclops
 10295 | D:11     | Noticed a cyclops
 10313 | D:11     | Killed a cyclops
 10350 | D:11     | Reached XP level 12. HP: 80/80 MP: 12/12
 10567 | D:11     | Found a staircase to the Lair.
 10877 | D:12     | Found a runed translucent gate.
 10878 | D:12     | Found a runed translucent gate.
 10878 | D:12     | Noticed a centaur warrior
 10879 | D:12     | Found a runed translucent gate.
 10882 | D:12     | Noticed a minotaur
 10883 | D:12     | Noticed Borgoz's ghost (journeyman GrBe)
 10892 | D:12     | Noticed a boulder beetle
 10937 | D:12     | Killed a boulder beetle
 10937 | D:12     | Reached ***** piety under Trog
 11206 | D:12     | Noticed a centaur warrior
 11224 | D:12     | Killed a centaur warrior
 11628 | D:12     | Killed a centaur warrior
 11645 | D:12     | HP: 1/81 [Borgoz's ghost (17)]
 12207 | D:12     | Mangled by a minotaur

Illustrated notes

Levels and vault maps discovered:
D:1:      erik_arrival_blinker_ship, layout_basic,
          shapermc_ecumenical_altar_mp_vishouse
D:2:      layout_loops_corners
D:3:      layout_rooms
D:4:      layout_basic, okawaru_metal_pillars_1_2
D:5:      layout_cave_pools
D:6:      layout_basic, minmay_temple_entry_glassed_door, serial_shops,
          nicolae_shop_trees, uniq_crazy_yiuf_cottage
D:7:      layout_loops_corners, st_stairs_14, solitary_fountain
D:8:      layout_basic, nicolae_good_shop, uniq_grum
D:9:      layout_roguey, kennysheep_orc_monster_closet_entryway, uniq_psyche
D:10:     layout_irregular_city, minivault_16
D:11:     layout_roguey, grunt_lair_entry_orc_guard_hut
D:12:     layout_cave_pools, maelrawn_ghost_gauntlet_escape

Skill      XL: |  1  2  3  4  5  6  7  8  9 10 11 12 |
---------------+-------------------------------------+-----
Dodging        | 2 3 4 5 6 |  6.9
Armour         | 3 4 5 6 8 9 11 12 | 12.1
Fighting       | 4 5 6 7 8 10 11 12 | 12.2
Maces & Flails | 4 5 6 8 9 10 11 | 11.3

Action                   |  1- 3 |  4- 6 |  7- 9 | 10-12 || total
-------------------------+-------+-------+-------+-------++-------
Melee: Mace              |    86 |    74 |   110 |   230 ||   500
       Flail             |       |    98 |   167 |       ||   265
       Dire flail        |       |       |       |   352 ||   352
Invok: Berserk           |     2 |     4 |    13 |    15 ||    34
       Trog's Hand       |       |       |       |     3 ||     3
Evoke: Wand              |       |       |     5 |     2 ||     7
  Use: Scroll            |     1 |     7 |     3 |     9 ||    20
       Potion            |       |       |       |     2 ||     2
 Stab: Sleeping          |     1 |       |       |       ||     1
       Invisible         |       |       |       |     2 ||     2
       Paralysed         |       |       |       |     5 ||     5
Armor: Animal skin       |    26 |       |       |       ||    26
       Ring mail         |       |    44 |       |       ||    44
       Plate armour      |       |    66 |   185 |   419 ||   670
Dodge: Dodged            |    50 |    79 |   152 |   368 ||   649
